 Dungeon Crawl Stone Soup version 0.32-a0-666-ge8a88695a4 (webtiles) character file.

Game seed: 12861646871025904185

283 910rd the Ruffian (level 6, 0/51 HPs)
             Began as a Draconian Shapeshifter on Mar 9, 2024.
             Was an Initiate of Yredelemnul.
             Slain by an ogre
             ... wielding a +0 giant club
              (28 damage)
             ... on level 4 of the Dungeon.
             The game lasted 00:08:46 (2571 turns).

910rd the Ruffian (Draconian Shapeshifter)          Turns: 2571, Time: 00:08:49

Health: 0/51       AC:  6    Str: 18    XL:     6   Next: 7%
Magic:  8/8        EV: 12    Int: 11    God:    Yredelemnul [......]
Gold:   151        SH:  0    Dex: 10    Spells: 5/5 levels left

rFire   . .          .
                       - Unarmed
rCold   . . .        (no shield)
rNeg    . . .        (body armour unavailable)
rPois   .            (helmet currently unavailable)
rElec   .            (cloak currently unavailable)
rCorr   .            (gloves currently unavailable)
SInv    .            (boots currently unavailable)
Will    .....        (no amulet)
Stlth   ++           (no ring)
HPRegen 0.28/turn    (no ring)
MPRegen 0.11/turn

%: no passive effects
@: beast-form, wreathed by umbra
A: beast (slay +1), AC +6, unfitting armour, cold-blooded
a: Begin Untransformation, Renounce Religion, Light the Black Torch, Recall
Undead Harvest


You were on level 4 of the Dungeon.
You worshipped Yredelemnul.
Yredelemnul was noncommittal.
You were a hulking beast.
You visited 1 branch of the dungeon, and saw 4 of its levels.

You collected 151 gold pieces.

Inventory:

Armour
 p - a +0 helmet
 s - a +0 pair of gloves
Jewellery
 f - a ring of ice
 k - a ring of see invisible
Talismans
 b - a beast talisman (active)
 c - a flux talisman
 o - a blade talisman
Wands
 m - a wand of digging (4)
Scrolls
 d - 5 scrolls of identify {unknown}
 e - a scroll of enchant armour {unknown}
 g - 2 scrolls of fear {unknown}
 j - 2 scrolls of amnesia {unknown}
 l - a scroll of teleportation {unknown}
 q - a scroll of fog {unknown}
Potions
 a - 2 potions of lignification
 h - a potion of ambrosia {unknown}
 i - a potion of curing
 n - a potion of enlightenment {unknown}
 r - a potion of resistance {unknown}


   Skills:
 - Level 3.0 Fighting
 - Level 2.0 Dodging
 - Level 2.1 Stealth
 - Level 5.0 Unarmed Combat
 + Level 2.7 Invocations
 - Level 3.0 Shapeshifting


You had 5 spell levels left.
You didn't know any spells.
Your spell library contained the following spells:

 Spells                   Type           Power      Damage    Failure   Level
 Foxfire                  Conj/Fire      0%         2x1d4     34%         1
 Freeze                   Ice            0%         1d3       34%         1
 Frozen Ramparts          Ice            0%         1d1       71%         3
 Hailstorm                Conj/Ice       0%         3d5       71%         3
 Plasma Beam              Fire/Air       0%         2x1d10    100%        6
 Starburst                Conj/Fire      0%         6d3       100%        6


Dungeon Overview and Level Annotations

Branches:
Dungeon (4/15)
 Temple: D:4-7

Altars:
Yredelemnul


Innate Abilities, Weirdness & Mutations

You are a hulking beast.
Your limbs bulge with bestial killing power. (Slay +1)
Your plain brown scales are hard. (AC +6)
You cannot fit into any form of body armour.
You are cold-blooded and may be slowed by cold attacks.


Message History

The goblin hits you with a +2 dagger of protection.
You closely miss the goblin. The goblin barely misses you.
The ogre closely misses you.
You hit the goblin.
The goblin is heavily wounded.
The goblin barely misses you.
You closely miss the goblin.
You tail-slap the goblin, but do no damage.
The goblin is heavily wounded.
The ogre barely misses you. The goblin closely misses you.
You closely miss the goblin.
The goblin is heavily wounded.
The goblin hits you with a +2 dagger of protection.
The ogre hits you with a +0 giant club!
You swap places.
Your hound zombie bites the goblin.
Your kobold zombie barely misses the ogre.
The goblin misses you.
Your ribbon worm zombie bites the goblin.
The goblin dies!
Their soul becomes fuel for the torch.
You swap places.
The ogre closely misses you.
Your kobold zombie hits the ogre.
You see here a +2 dagger of protection.
You barely miss the ogre.
The ogre is moderately wounded.
The ogre misses you.
Your kobold zombie barely misses the ogre.
You hit the ogre.
The ogre is moderately wounded.
You hit the ogre.
The ogre is heavily wounded.
The ogre closely misses you.
Your kobold zombie hits the ogre but does no damage.
Your ribbon worm zombie barely misses the ogre.
You hit the ogre. You tail-slap the ogre.
The ogre is almost dead.
Your kobold zombie hits the ogre but does no damage.
The ogre hits you with a +0 giant club!!
Ouch! That really hurt!
You die...
Your body rises from the dead as a mindless zombie.

#################
#................
#.#####..........
#(..#Z.........
#..gOhZ........
#..(#Z...<.....
.#####..########
........#
........# ####
........# ...#
........# ...####
........# .......
........#


You could see an ogre (ally target), a goblin, a friendly hound zombie, a
friendly ribbon worm zombie and a friendly kobold zombie.

Vanquished Creatures
  A weeping skull (D:3)
  2 hounds
  6 adders
  2 dart slugs
  2 ribbon worms
  2 orcs
  9 bats
  11 endoplasms
  A giant cockroach (D:2)
  14 goblins
  10 hobgoblins
  4 quokkas
  3 ball pythons
  2 frilled lizards
  11 kobolds
  A rat (D:2)
  A spectral orc (D:3)
82 creatures vanquished.

Vanquished Creatures (collateral kills)
  An endoplasm (D:4)
  2 goblins (D:4)
3 creatures vanquished.

Vanquished Creatures (others)
  2 endoplasm zombies (D:4)
  A goblin zombie (D:4)
  A kobold zombie (D:4)
4 creatures vanquished.

Grand Total: 89 creatures vanquished

Notes
Turn   | Place    | Note
-------+----------+-------------------------------------------
     0 | D:1      | 910rd the Draconian Shapeshifter began the quest for the
                  | Orb.
     0 | D:1      | Reached XP level 1. HP: 16/16 MP: 1/1
    25 | D:1      | Reached skill level 1 in Stealth
   124 | D:1      | Reached XP level 2. HP: 18/23 MP: 2/2
   579 | D:1      | Reached XP level 3. HP: 28/28 MP: 3/3
   890 | D:2      | Reached skill level 4 in Unarmed Combat
   923 | D:2      | Reached XP level 4. HP: 32/35 MP: 4/4
  1725 | D:3      | Found a basalt altar of Yredelemnul.
  1725 | D:3      | Noticed a weeping skull
  1745 | D:3      | Killed a weeping skull
  1746 | D:3      | Reached skill level 5 in Unarmed Combat
  1746 | D:3      | Reached XP level 5. HP: 31/42 MP: 5/5
  1755 | D:3      | Became a worshipper of Yredelemnul the Fallen
  2017 | D:3      | Reached skill level 1 in Invocations
  2249 | D:3      | Found a faded altar of an unknown god.
  2387 | D:4      | Reached XP level 6. HP: 37/51 MP: 7/7
  2571 | D:4      | Slain by an ogre

Illustrated notes

Levels and vault maps discovered:
D:1:      amcnicky_arrival_blooded_trapdoor, layout_loops_ring
D:2:      layout_loops_ring, st_stairs_10, minmay_tromino_v7
D:3:      layout_loops_ring, yredelemnul_forgotten_temple_becter,
          hellmonk_ecumenical_altar_leap_of_faith
D:4:      layout_gridville, grunt_decor_junction, minmay_ogre_servants

Skill      XL: |  1  2  3  4  5 |
---------------+----------------+-----
Stealth        | 1 2 |  2.1
Unarmed Combat | 4 5 |  5.0
Fighting       | 2 3 |  3.0
Dodging        | 2 |  2.0
Invocations    | 2 |  2.7
Shapeshifting  | |  3.0

Action                     |  1- 3 |  4- 6 || total
---------------------------+-------+-------++-------
  Melee: Unarmed           |   100 |   132 ||   232
         Tailslap          |     9 |    11 ||    20
         Punch             |     1 |     4 ||     5
 Invoke: Light the Black T |       |     2 ||     2
    Use: Potion            |       |     1 ||     1
   Stab: Sleeping          |     1 |     8 ||     9
 Armour: Skin              |    59 |    68 ||   127
  Dodge: Dodged            |    60 |    73 ||   133

Table legend: (Time is in decaauts)
 A = Elapsed time spent in this place.
 B = Non-inter-level travel time spent in this place.
 C = Inter-level travel time spent in this place.
 D = Time resting spent in this place.
 E = Time spent auto-exploring this place.
 F = Levels seen in this place.
 G = Mean time per level.
                   A        B        C        D        E       F      G
               +--------+--------+--------+--------+--------+-----+--------+
         Total |   2558 |   2472 |     86 |      0 |   1947 |   4 |  639.5 |
       Dungeon |   2558 |   2472 |     86 |      0 |   1947 |   4 |  639.5 |
               +--------+--------+--------+--------+--------+-----+--------+

Top non-repeatable levels by time:
     D:1: 838 daAuts
     D:2: 781 daAuts
     D:3: 682 daAuts
     D:4: 254 daAuts
